 Dungeon Crawl Stone Soup version 0.20.1-1-g8b1a95d (webtiles) character file.

10231 Gremour the Carver (level 11, 0/91 HPs)
             Began as a Pale Draconian Monk on Nov 14, 2017.
             Was a High Priest of Okawaru.
             Slain by Snorg (15 damage)
             ... on level 11 of the Dungeon.
             The game lasted 01:08:11 (10122 turns).

Gremour the Carver (Pale Draconian Monk)           Turns: 10122, Time: 01:08:12

Health: 0/91       AC: 11    Str: 14    XL:     11   Next: 33%
Magic:  13/14      EV: 23    Int: 10    God:    Okawaru [*****.]
Gold:   628        SH: 11    Dex: 17    Spells: 8/10 levels left

rFire    . . .     SeeInvis +   a - +3 long sword (holy)
rCold    . . .     Gourm    .   D - +1 shield {reflect}
rNeg     . . .     Faith    .   (armour unavailable)
rPois    .         Spirit   .   (helmet restricted)
rElec    .         Reflect  +   r - +0 cloak
rCorr    .         Harm     .   f - +1 pair of gloves
MR       .....                  y - +0 pair of boots
Stlth    +++++.....             (no amulet)
Regen    0.3/turn               x - ring of see invisible
MPRegen  0.2/turn               l - +4 ring of evasion

@: heroism, berserk cooldown, slowed, very slow
A: breathe steam, unfitting armour, hooves 1, mutation resistance 1,
cold-blooded, AC +7
a: Breathe Steam, Heroism, Finesse, Renounce Religion


You were on level 11 of the Dungeon.
You worshipped Okawaru.
Okawaru was extremely pleased with you.
You were not hungry.

You visited 2 branches of the dungeon, and saw 12 of its levels.

You collected 628 gold pieces.

Inventory:

Hand Weapons
 a - a +3 long sword of holy wrath (weapon)
 b - a +1 hand axe of flaming
 K - the +1 eveningstar of Sausch {protect, *Slow rElec rC+++ Int-2}
   (You found it on level 11 of the Dungeon)

   It protects the one who uses it against injury (+AC on strike).
   It affects your intelligence (-2).
   It renders you almost immune to cold.
   It insulates you from electricity.
   It may slow you when you take damage.
Missiles
 j - 3 javelins of penetration
 I - 5 poisoned javelins (quivered)
Armour
 f - a +1 pair of gloves (worn)
 r - a +0 cloak (worn)
 y - a +0 pair of boots (worn)
 D - a +1 shield of reflection (worn)
Jewellery
 l - a +4 ring of evasion (right hand)
 x - a ring of see invisible (left hand)
 H - an uncursed ring of positive energy {unknown}
Wands
 m - a wand of random effects (25/48)
 q - a wand of enslavement (0/24)
 w - a wand of iceblast (5/15)
 E - a wand of paralysis (9/24)
 F - a wand of flame (26/48)
Scrolls
 i - 6 scrolls of identify
 o - 6 scrolls of teleportation
 p - 3 scrolls of recharging
 u - a scroll of amnesia
 v - 4 scrolls of remove curse
 B - a scroll of fear
 L - a scroll of enchant weapon {unknown}
Potions
 d - 3 potions of flight
 e - a potion of invisibility {unknown}
 g - a potion of might
 h - 2 potions of cancellation
 n - a potion of curing
 s - a potion of resistance {unknown}
 t - a potion of lignification {unknown}
Books
 G - a book of Debilitation

   Spells                             Type                      Level
   a - Corona                         Hexes                        1
   b - Slow                           Hexes                        2
   c - Inner Flame                    Hexes/Fire                   3
   d - Portal Projectile              Hexes/Translocation          3
   e - Cause Fear                     Hexes                        4
   f - Leda's Liquefaction            Hexes/Earth                  4
Comestibles
 c - 19 fruits
 k - 8 meat rations
 z - 3 bread rations
 A - 9 royal jellies
 C - 2 chunks of flesh


   Skills:
 * Level 6.6(11.6) Fighting
 + Level 14.0(19.0) Long Blades
 - Level 0.4(5.4) Axes
 * Level 6.4(11.4) Dodging
 - Level 5.1(10.1) Stealth
 * Level 1.6(6.6) Shields
 * Level 1.6 Hexes
 + Level 4.1 Invocations
 + Level 0.9 Evocations


You had 8 spell levels left.
You knew the following spells:

 Your Spells              Type           Power        Failure   Level  Hunger
w - Slow                  Hex            #.......     63%         2    ###....


Dungeon Overview and Level Annotations

Branches:
Dungeon (11/15)            Temple (1/1) D:6            Lair (0/6) D:10
    Orc: D:9-12

Altars:
Ashenzari
Cheibriados
Dithmenos
Elyvilon
Fedhas
Gozag
Hepliaklqana
Kikubaaqudgha
Makhleb
Nemelex Xobeh
Okawaru
Qazlal
Ru
Sif Muna
Trog
Uskayaw
Vehumet
Xom
Yredelemnul
Zin
The Shining One

Shops:
D:7 :

Annotations:
D:11 Snorg


Innate Abilities, Weirdness & Mutations

You can breathe blasts of scalding, opaque steam.
Your pale cyan-grey scales are hard. (AC +7)
You cannot fit into any form of body armour.
You are cold-blooded and may be slowed by cold attacks.
You have large cloven feet.
You are somewhat resistant to further mutation.


Message History

Snorg is severely wounded.
You block Snorg's attack. Snorg claws you!
* * * LOW HITPOINT WARNING * * *
You block Snorg's attack.
You are too berserk!
You are too berserk!
You are too berserk!
You are too berserk!
You feel a strong urge to attack something.
You feel your anger subside.
You are no longer berserk.
You are exhausted.
You feel yourself slow down.
Some of the chunks of flesh in your inventory have rotted away.
Okay, then.
Unknown command.
You feel better. Snorg barely misses you. Snorg completely misses you.
Snorg claws you.
* * * LOW HITPOINT WARNING * * *
Snorg bites you but does no damage. Snorg claws you!
You die...

### #### ### #.######..#######.#
#........<........#
#.#####.#########.# #.# #.....#
#.# #.# #####.# #.# #.#
#@#####'##
######.#########T.......#.#
>.........†††5..........#.# #.#
..y#.#.#########........#.#.##.#.
. #.#.# #........#.#.##.#. #.#.#
#........#.#.##.#. #.#.#
########...#.##.#. #.#..
#..........#.##.#. #.###
#.#######..#.##.#.


You could see Snorg (berserk).

Vanquished Creatures
  A hydra (D:8)
  Urug (D:10)
  2 hornets
  4 hippogriffs
  2 dream sheep (D:8)
  8 yaks
  4 wyverns
  Menkaure (D:4)
  An ice beast (D:7)
  8 orc warriors
  A porcupine (D:10)
  A sky beast (D:5)
  3 black bears
  A phantom (D:9)
  8 ogres
  A necrophage (D:7)
  6 centaurs
  5 big kobolds
  4 bullfrogs
  A scorpion (D:10)
  9 killer bees (D:11)
  2 howler monkeys
  7 crimson imps
  2 centaur zombies
  3 jellies
  4 hounds
  9 orc priests
  7 orc wizards
  2 bullfrog skeletons
  A centaur skeleton (D:11)
  4 iguanas
  7 worker ants
  14 adders
  6 gnolls
  A shadow imp (D:10)
  An adder zombie (D:6)
  2 dart slugs
  3 leopard geckos
  37 orcs
  4 giant cockroaches
  9 goblins
  7 hobgoblins
  10 jackals
  13 kobolds
  6 quokkas
  9 bats
  7 frilled lizards
  A leopard gecko skeleton (D:7)
  A quokka skeleton (D:4)
  15 rats
266 creatures vanquished.

Notes
Turn   | Place    | Note
-------+----------+-------------------------------------------
     0 | D:1      | Gremour the Draconian Monk began the quest for the Orb.
     0 | D:1      | Reached XP level 1. HP: 19/19 MP: 1/1
   191 | D:1      | Reached XP level 2. HP: 22/26 MP: 2/2
   721 | D:1      | Reached skill level 4 in Long Blades
   750 | D:1      | Reached XP level 3. HP: 30/31 MP: 3/3
  1553 | D:2      | Reached XP level 4. HP: 31/38 MP: 4/4
  2130 | D:3      | Found a shattered altar of Ashenzari.
  2144 | D:3      | Found a shadowy altar of Dithmenos.
  2313 | D:3      | Reached skill level 5 in Long Blades
  2586 | D:4      | Reached XP level 5. HP: 35/45 MP: 5/5
  2628 | D:4      | Noticed Menkaure
  2635 | D:4      | Killed Menkaure
  2635 | D:4      | Reached XP level 6. HP: 51/51 MP: 6/6
  2669 | D:4      | Reached skill level 6 in Long Blades
  2929 | D:4      | You fall through a shaft for 2 floors!
  2929 | D:6      | Noticed an orc warrior
  2953 | D:5      | Entered Level 5 of the Dungeon
  3017 | D:5      | Reached skill level 7 in Long Blades
  3017 | D:5      | Your scales start taking on a pale cyan-grey colour.
  3017 | D:5      | Reached XP level 7. HP: 16/57 MP: 7/7
  3300 | D:4      | Found a shimmering altar of Xom.
  3693 | D:4      | Reached skill level 8 in Long Blades
  3918 | D:5      | Reached XP level 8. HP: 57/63 MP: 8/8
  4132 | D:5      | Reached skill level 5 in Stealth
  4436 | D:6      | Reached skill level 9 in Long Blades
  4544 | D:6      | Found a staircase to the Ecumenical Temple.
  4563 | Temple   | Entered the Ecumenical Temple
  4692 | Temple   | Became a worshipper of Warmaster Okawaru
  4692 | Temple   | Reached * piety under Okawaru
  4692 | Temple   | Reached ** piety under Okawaru
  4925 | D:6      | Gained mutation: You are somewhat resistant to further mutation. [potion of mutation]
  4925 | D:6      | Gained mutation: You have large cloven feet. [potion of mutation]
  5083 | D:6      | Found a burning altar of Makhleb.
  5188 | D:7      | Reached skill level 1 in Invocations
  5333 | D:7      | Reached skill level 10 in Long Blades
  5586 | D:7      | Found Mismafoc's Book Shop.
  5750 | D:7      | Reached XP level 9. HP: 70/70 MP: 7/10
  5877 | D:7      | Found a glowing golden altar of the Shining One.
  6017 | D:8      | Reached skill level 11 in Long Blades
  6291 | D:8      | Reached *** piety under Okawaru
  6492 | D:8      | Reached skill level 12 in Long Blades
  6556 | D:8      | Noticed a three-headed hydra
  6566 | D:8      | Killed a one-headed hydra
  6566 | D:8      | Reached **** piety under Okawaru
  6566 | D:8      | Reached XP level 10. HP: 28/77 MP: 12/12
  6860 | D:8      | Received a gift from Okawaru
  7112 | D:8      | Reached skill level 13 in Long Blades
  7137 | D:8      | Reached ***** piety under Okawaru
  7342 | D:8      | Learned a level 2 spell: Slow
  7939 | D:9      | Reached skill level 5 in Dodging
  8603 | D:10     | Entered Level 10 of the Dungeon
  8711 | D:10     | Received a gift from Okawaru
  8711 | D:10     | Reached skill level 5 in Fighting
  8784 | D:10     | Found a staircase to the Lair.
  9133 | D:10     | Reached XP level 11. HP: 88/88 MP: 14/14
  9223 | D:10     | Reached skill level 1 in Shields
  9314 | D:10     | Noticed Urug
  9350 | D:10     | Killed Urug
  9350 | D:10     | Reached skill level 14 in Long Blades
  9350 | D:10     | Reached skill level 1 in Hexes
  9972 | D:11     | Got an ancient eveningstar
  9978 | D:11     | Identified the +1 eveningstar of Sausch {protect, *Slow rElec rC+++ Int-2} (You found it on level 11 of the Dungeon)
 10094 | D:11     | Noticed Snorg
 10122 | D:11     | Slain by Snorg

Skill      XL: |  1  2  3  4  5  6  7  8  9 10 11 |
---------------+----------------------------------+-----
Stealth        | 2 3 4 5 |  5.1
Long Blades    | 4 5 7 8 10 12 13 14 | 14.0
Invocations    | 1 3 4 |  4.1
Dodging        | 3 4 5 6 |  6.4
Fighting       | 5 6 |  6.6
Shields        | 1 |  1.6
Hexes          | 1 |  1.6
Axes           | |  0.4
Evocations     | |  0.9

Action                   |  1- 3 |  4- 6 |  7- 9 | 10-12 || total
-------------------------+-------+-------+-------+-------++-------
Melee: Falchion          |   110 |    30 |       |       ||   140
       Tailslap          |     9 |    14 |    35 |    50 ||   108
       Great sword       |       |    14 |       |       ||    14
       Long sword        |       |    80 |   237 |   304 ||   621
       Hand axe          |       |       |     5 |       ||     5
Invok: Heroism           |       |       |     1 |     4 ||     5
 Abil: Breathe Steam     |       |       |     6 |    13 ||    19
Evoke: Wand              |       |       |       |     1 ||     1
  Use: Potion            |       |     4 |     9 |     8 ||    21
       Scroll            |       |       |    10 |     6 ||    16
 Stab: Sleeping          |     6 |     8 |    11 |     6 ||    31
       Distracted        |       |     1 |     2 |     1 ||     4
  Eat: Chunk             |     1 |     6 |     8 |    12 ||    27
       Bread ration      |       |       |     1 |       ||     1
       Fruit             |       |       |       |     1 ||     1
Armor: Skin              |    35 |    43 |    65 |    51 ||   194
Dodge: Dodged            |    76 |    91 |   174 |   213 ||   554
Block: Shield            |       |       |       |    68 ||    68
       Reflection        |       |       |       |     2 ||     2
       Rpst.: Falchion   |    18 |     5 |       |       ||    23
       Long sword        |       |    21 |    57 |    63 ||   141
       Great sword       |       |     2 |       |       ||     2
